 Dungeon Crawl Stone Soup version 0.26.0-10-g1f06aea511 (webtiles) character file.

Game seed: 11679137665800015747

37690 dohliylev the Severer (level 13, -2/119 HPs)
             Began as a Minotaur Berserker on Jan 28, 2021.
             Was a High Priest of Trog.
             Slain by a 16-headed hydra (10 damage)
             ... on level 6 of the Lair of Beasts.
             The game lasted 00:29:45 (12838 turns).

dohliylev the Severer (Minotaur Berserker)         Turns: 12838, Time: 00:29:46

Health: -2/119     AC: 24    Str: 26    XL:     13   Next: 59%
Magic:  12/12      EV: 10    Int:  4    God:    Trog [*****.]
Gold:   1187       SH: 22    Dex: 11    Spells: 12/12 levels left

rFire    x . .     SeeInvis .   p - +2 hand axe (vamp)
rCold    + . .     Faith    .   g - +2 tower shield
rNeg     . . .     Spirit   .   M - +0 storm dragon scales
rPois    .         Reflect  .   (helmet restricted)
rElec    +         Harm     .   z - +2 cloak {Stlth+}
rCorr    .         Rampage  .   r - +0 pair of gloves
Will     ++...                  (no boots)
Stlth    ..........             y - amulet of regeneration
HPRegen  1.69/turn              n - +4 ring of protection
MPRegen  0.13/turn              a - ring of ice

@: berserk cooldown, regenerating, slowed, very slow
A: retaliatory headbutt, horns 2
a: Renounce Religion, Berserk, Trog's Hand, Brothers in Arms


You were on level 6 of the Lair of Beasts.
You worshipped Trog.
Trog was extremely pleased with you.
You visited 3 branches of the dungeon, and saw 15 of its levels.
You also visited: Ossuary.

You collected 1187 gold pieces.

Inventory:

Hand Weapons
 p - a +2 vampiric hand axe (weapon)
 U - a +6 antimagic war axe
Armour
 g - a +2 tower shield (worn)
 i - +0 acid dragon scales
 r - a +0 pair of gloves (worn)
 z - a +2 cloak of stealth (worn)
 C - a +2 chain mail of fire resistance
 E - a +1 leather armour of poison resistance
 M - +0 storm dragon scales (worn)
Jewellery
 a - a ring of ice (right hand)
 n - a +4 ring of protection (left hand)
 y - an amulet of regeneration (around neck)
 D - an uncursed ring of stealth {unknown}
 J - an uncursed ring of resist corrosion {unknown}
 L - an uncursed ring of protection from cold {unknown}
 O - an uncursed ring of positive energy {unknown}
 R - an uncursed ring of ice
 W - a cursed -4 ring of slaying {unknown}
Wands
 u - a wand of disintegration (30)
 T - a wand of paralysis (7)
 V - a wand of random effects (22)
Scrolls
 c - 10 scrolls of teleportation
 d - 18 scrolls of identify
 e - 3 scrolls of magic mapping
 j - 4 scrolls of blinking
 o - 2 scrolls of torment {unknown}
 s - 2 scrolls of enchant armour {unknown}
 v - a scroll of vulnerability {unknown}
 x - 3 scrolls of enchant weapon {unknown}
 B - 4 scrolls of noise {unknown}
 G - 3 scrolls of remove curse
 I - 2 scrolls of silence {unknown}
 K - a scroll of brand weapon {unknown}
 N - 4 scrolls of fog {unknown}
 Q - 5 scrolls of amnesia {unknown}
 S - 3 scrolls of immolation {unknown}
Potions
 b - 6 potions of might {unknown}
 f - 8 potions of ambrosia {unknown}
 h - 15 potions of curing
 k - 2 potions of attraction {unknown}
 l - 3 potions of brilliance {unknown}
 m - 4 potions of flight {unknown}
 q - 7 potions of heal wounds {unknown}
 t - 3 potions of magic {unknown}
 w - 3 potions of lignification {unknown}
 A - 3 potions of mutation {unknown}
 F - a potion of berserk rage {unknown}
 H - a potion of degeneration {unknown}
 P - 2 potions of haste {unknown}


   Skills:
 + Level 12.6 Fighting
 + Level 15.4 Axes
 + Level 11.0 Armour
 + Level 7.5 Dodging
 + Level 14.4 Shields


You had 12 spell levels left.
You didn't know any spells.
Your spell library was empty.

Dungeon Overview and Level Annotations

Branches:
Dungeon (8/15)             Temple (0/1) D:5            Lair (6/6) D:8
  Swamp (1/4) Lair:3       Spider (0/4) Lair:2      Ossuary (visited)
  Slime: Lair:5-6

Altars:
Cheibriados
Nemelex Xobeh
Qazlal
Sif Muna
Wu Jian
Xom


Innate Abilities, Weirdness & Mutations

You reflexively headbutt those who attack you in melee.
You have a pair of horns on your head.


Message History

You headbutt the death yak, but do no damage.
The 16-headed hydra completely misses you.
The 16-headed hydra bites you but does no damage.
The 16-headed hydra barely misses you.
You block the 16-headed hydra's attack. x3
The 16-headed hydra bites you but does no damage.
The 16-headed hydra closely misses you.
The 16-headed hydra bites you but does no damage. x2
You block the 16-headed hydra's attack. The 16-headed hydra closely misses you.
The 16-headed hydra bites you but does no damage. x4
The yak gores you but does no damage. You block the yak's attack.
The 16-headed hydra bites you.
* * * LOW HITPOINT WARNING * * *
The 16-headed hydra barely misses you.
The 16-headed hydra bites you but does no damage.
The 16-headed hydra bites you.
* * * LOW HITPOINT WARNING * * *
The 16-headed hydra closely misses you. The 16-headed hydra barely misses you.
The 16-headed hydra bites you but does no damage. x6
The 16-headed hydra barely misses you. The 16-headed hydra bites you!
You die...

### ##!## # #
###PY.##.#.#
##..@YF......
#.#...DYY......
#..F$.†Y.......
.......†#†.....#
.......###...#.#
......# ...#
.....# .F# ...P#
...# ..## ....


You could see 2 death yaks, a 16-headed hydra, 3 yaks and 3 blink frogs.

Vanquished Creatures
  An eleionoma (Swamp:1)
  Harold (D:7)
  Fannar (Lair:2)
  2 hydras
  An alligator (Swamp:1)
  6 death yaks
  2 two-headed ogres (D:8)
  The ghost of Dracia the Spear-Bearer, a novice DsGl (D:8)
  9 elephants (Lair:2)
  7 cane toads
  A torpor snail (Lair:2)
  Maggie (D:6)
  3 black mambas
  7 komodo dragons
  2 rime drakes
  A queen bee (Lair:3)
  A polar bear (Lair:1)
  Grinder (D:3)
  16 blink frogs
  5 dream sheep (Lair:4)
  6 wyverns
  The ghost of IHuginn the Sneak, an amateur GnBr (D:3)
  30 yaks
  Edmund (D:5)
  11 basilisks (Lair:3)
  2 swamp worms (Swamp:1)
  15 water moccasins
  A necrophage (D:7)
  3 black bears (D:8)
  10 wolves
  A sky beast (D:7)
  An orc warrior (D:6)
  4 ogres
  4 centaurs
  14 bullfrogs
  A gnoll sergeant (D:5)
  3 scorpions
  28 killer bees (Lair:3)
  6 wights
  A howler monkey (D:5)
  2 electric eels (Lair:5)
  2 centaur zombies
  A bullfrog zombie (D:6)
  6 hounds
  2 jellies
  4 orc priests
  2 centaur skeletons (D:7)
  Crazy Yiuf (D:5)
  10 orc wizards
  A gnoll shaman (D:3)
  3 iguanas
  3 worker ants
  A big kobold zombie (Ossuary)
  A hound zombie (Ossuary)
  A hound skeleton (D:7)
  3 mummies (Ossuary)
  A worker ant zombie (D:5)
  Robin (D:3)
  11 gnolls
  6 adders
  A river rat (Lair:3)
  A shadow imp (D:5)
  5 white imps
  3 oozes
  2 adder zombies
  2 adder skeletons (D:5)
  2 dart slugs
  3 worms
  2 leopard geckos
  24 orcs
  3 ball pythons
  5 giant cockroaches
  13 goblins
  12 hobgoblins
  14 jackals
  2 quokkas
  5 bats
  3 frilled lizards (D:2)
  A jackal skeleton (D:4)
  A jackal zombie (D:7)
  2 kobolds
  2 kobold zombies (Ossuary)
  2 leopard gecko zombies
  2 orc zombies (Ossuary)
  A quokka skeleton (D:4)
  A quokka zombie (D:7)
  6 rats
  A rat zombie (Ossuary)
395 creatures vanquished.

Vanquished Creatures (collateral kills)
  A killer bee (Lair:3)
  A human zombie (Ossuary)
  A big kobold zombie (Ossuary)
  A hound zombie (Ossuary)
  A mummy (Ossuary)
  A hobgoblin zombie (Ossuary)
6 creatures vanquished.

Vanquished Creatures (others)
  41 fungi
  37 plants
78 creatures vanquished.

Grand Total: 479 creatures vanquished

Notes
Turn   | Place    | Note
-------+----------+-------------------------------------------
     0 | D:1      | dohliylev the Minotaur Berserker began the quest for the
                  | Orb.
     0 | D:1      | Reached XP level 1. HP: 19/19 MP: 0/0
   346 | D:1      | Reached XP level 2. HP: 27/27 MP: 1/1
   348 | D:1      | Reached skill level 4 in Axes
  1184 | D:2      | Reached XP level 3. HP: 29/34 MP: 2/2
  1357 | D:2      | Reached ** piety under Trog
  1610 | D:2      | Reached XP level 4. HP: 41/41 MP: 3/3
  1881 | D:3      | Found a faded altar of an unknown god.
  1881 | D:3      | Noticed Robin
  1890 | D:3      | Killed Robin
  1940 | D:3      | Reached *** piety under Trog
  1941 | D:3      | Reached skill level 5 in Fighting
  1941 | D:3      | Reached skill level 5 in Axes
  1948 | D:3      | Reached XP level 5. HP: 20/48 MP: 4/4
  2218 | D:3      | Reached skill level 1 in Shields
  2374 | D:3      | Noticed Grinder
  2375 | D:3      | Paralysed by Grinder for 4 turns
  2398 | D:3      | Killed Grinder
  2399 | D:3      | Reached skill level 6 in Axes
  2399 | D:3      | Reached XP level 6. HP: 35/57 MP: 5/5
  2640 | D:3      | Found a transporter.
  2651 | D:3      | Noticed IHuginn's ghost (amateur GnBr)
  2690 | D:3      | Found a transporter.
  2890 | D:4      | Found a shimmering blue altar of Sif Muna.
  2983 | D:4      | Reached XP level 7. HP: 62/62 MP: 6/6
  3206 | D:4      | Found a sparkling altar of Nemelex Xobeh.
  3292 | D:4      | Reached **** piety under Trog
  3293 | D:4      | Reached skill level 7 in Axes
  3954 | D:5      | Entered Level 5 of the Dungeon
  3972 | D:5      | Found a staircase to the Ecumenical Temple.
  3981 | D:5      | Noticed Edmund
  3999 | D:5      | Killed Edmund
  4000 | D:5      | Reached skill level 8 in Axes
  4000 | D:5      | Reached skill level 5 in Armour
  4074 | D:5      | Reached XP level 8. HP: 63/70 MP: 7/7
  4406 | D:5      | Found a runed translucent door.
  4407 | D:5      | Noticed Crazy Yiuf
  4950 | D:5      | Killed Crazy Yiuf
  5134 | D:3      | Reached skill level 9 in Axes
  5148 | D:3      | Killed IHuginn's ghost
  5323 | D:6      | Noticed Maggie
  5351 | D:6      | Killed Maggie
  5352 | D:6      | Reached skill level 5 in Dodging
  5374 | D:6      | Reached XP level 9. HP: 15/78 MP: 8/8
  5502 | D:6      | Found a stormy altar of Qazlal.
  5643 | D:6      | Reached skill level 10 in Axes
  5703 | D:6      | Found a shimmering altar of Xom.
  5703 | D:6      | Found an ornate altar of the Wu Jian Council.
  6367 | D:7      | Reached ***** piety under Trog
  6440 | D:7      | Noticed Harold
  6453 | D:7      | Killed Harold
  6454 | D:7      | Reached skill level 11 in Axes
  6454 | D:7      | Reached skill level 5 in Shields
  6479 | D:7      | Reached XP level 10. HP: 76/87 MP: 9/9
  7091 | D:8      | Found a sand-covered staircase.
  7098 | Ossuary  | Entered an ossuary
  7337 | D:8      | Found a staircase to the Lair.
  7357 | D:8      | Noticed a two-headed ogre
  7366 | D:8      | Reached skill level 12 in Axes
  7375 | D:8      | Killed a two-headed ogre
  7543 | D:8      | Found a snail-covered altar of Cheibriados.
  7664 | D:8      | Found a transporter.
  7664 | D:8      | Noticed Dracia's ghost (novice DsGl)
  7678 | D:8      | Found a transporter.
  7681 | D:8      | Noticed a two-headed ogre
  7865 | D:8      | Killed a two-headed ogre
  7877 | D:8      | Killed Dracia's ghost
  7922 | Lair:1   | Entered Level 1 of the Lair of Beasts
  7946 | Lair:1   | Noticed a cane toad
  7959 | Lair:1   | Reached skill level 13 in Axes
  7962 | Lair:1   | Killed a cane toad
  7963 | Lair:1   | Reached XP level 11. HP: 97/97 MP: 10/10
  7964 | Lair:1   | Received a gift from Trog
  8222 | Lair:1   | Noticed a five-headed hydra
  8237 | Lair:1   | Killed a 15-headed hydra
  8861 | Lair:2   | Noticed a death yak
  8869 | Lair:2   | Reached skill level 10 in Shields
  8877 | Lair:2   | Reached skill level 10 in Fighting
  8877 | Lair:2   | Noticed a death yak
  8883 | Lair:2   | Killed a death yak
  8884 | Lair:2   | Reached skill level 14 in Axes
  8885 | Lair:2   | Noticed a death yak
  8898 | Lair:2   | Killed a death yak
  8913 | Lair:2   | Killed a death yak
  9026 | Lair:2   | Reached XP level 12. HP: 107/107 MP: 11/11
  9224 | Lair:2   | Noticed Fannar
  9282 | Lair:2   | Killed Fannar
  9477 | Lair:2   | Found a hole to the Spider Nest.
  9681 | Lair:3   | Found a staircase to the Swamp.
  9977 | Lair:3   | Received a gift from Trog
 10209 | Lair:3   | Reached skill level 15 in Axes
 10630 | Lair:3   | Reached skill level 10 in Armour
 10630 | Lair:3   | Reached XP level 13. HP: 117/117 MP: 12/12
 11245 | Swamp:1  | Entered Level 1 of the Swamp
 11246 | Swamp:1  | Noticed an eleionoma
 11252 | Swamp:1  | Killed an eleionoma
 12787 | Lair:6   | Entered Level 6 of the Lair of Beasts
 12838 | Lair:6   | Slain by a 16-headed hydra

Illustrated notes

Levels and vault maps discovered:
D:1:      tarquinn_simple_flora_water_a, layout_loops_ring
D:2:      minmay_skewed_foursquare, layout_basic, nicolae_overflow_hidden_temple
D:3:      layout_rooms, gammafunk_ghost_gnarly_gnolls,
          chequers_ecumenical_altar_simple, uniq_robin, uniq_grinder
D:4:      layout_loops_corners, lemuel_doored_altar, lemuel_crystal_altar,
          hangedman_decor_opposing
D:5:      layout_loops_corners, minmay_temple_entry_ruins, lightli_minifort,
          uniq_crazy_yiuf_cottage, uniq_edmund
D:6:      layout_rooms, kennysheep_mini_moat,
          gammafunk_temple_overflow_elements, serial_rivers,
          chequers_serial_rivers_micro_a, chequers_serial_rivers_marsh,
          chequers_serial_rivers_micro_d, chequers_serial_rivers_large_a,
          uniq_maggie
D:7:      minmay_the_grid_octo_2x2 [minmay_the_grid_octo_toaster,
          minmay_the_grid_octo_tetromino_candy, minmay_the_grid_octo_odd_swirl,
          minmay_the_grid_octo_prize_big_c], layout_loops_ring,
          small_statue_intersection, uniq_harold
D:8:      layout_basic, lemuel_round_altar, due_lair_maze_entry_diamond,
          gammafunk_ghost_smash, lightli_ossuary_entry_decrepit_ruins,
          kennysheep_generic_room_7
Lair:1:   layout_regular_city, infiniplex_staircase_pool_2
Lair:2:   layout_misc_corridors, spider_nest_entry_web_field,
          eino_small_chamber_without_monster, grunt_megastairs_2, uniq_fannar
Lair:3:   regret_index_bee_streams, layout_small_grid, swamp_mist,
          serial_bayou_pond_e
Lair:4:   layout_regular_city
Lair:5:   layout_gridlike, st_stairs_11
Lair:6:   evilmike_catoblepas_cave, layout_concentric_octagons, slime_dummy,
          basic_altar, minmay_lair_oklob_chamber, serial_bayou_shore_a
Swamp:1:  layout_falls_marsh, nicolae_swamp_godswood, swamp_pool4

Skill      XL: |  1  2  3  4  5  6  7  8  9 10 11 12 13 |
---------------+----------------------------------------+-----
Fighting       | 4 5 6 8 9 10 11 12 | 12.6
Axes           | 4 5 6 8 9 11 13 14 15 | 15.4
Dodging        | 3 4 5 6 7 |  7.5
Armour         | 3 4 5 7 8 9 10 11 | 11.0
Shields        | 1 2 5 8 11 13 14 | 14.4

Action                   |  1- 3 |  4- 6 |  7- 9 | 10-12 | 13-15 || total
-------------------------+-------+-------+-------+-------+-------++-------
Melee: Hand axe          |    85 |   108 |   355 |   724 |   221 ||  1493
       Headbutt          |    17 |    24 |    68 |   190 |    55 ||   354
Invok: Berserk           |       |     2 |     6 |    10 |     4 ||    22
       Trog's Hand       |       |       |     1 |     2 |     1 ||     4
       Brothers in Arms  |       |       |       |     2 |       ||     2
  Use: Scroll            |       |       |     5 |     1 |       ||     6
Armor: Animal skin       |     6 |       |       |       |       ||     6
       Ring mail         |    19 |     8 |       |       |       ||    27
       Scale mail        |       |    30 |    65 |       |       ||    95
       Chain mail        |       |       |    11 |    48 |       ||    59
       Acid dragon scale |       |       |    18 |       |       ||    18
       Storm dragon scal |       |       |       |   215 |   103 ||   318
Dodge: Dodged            |    52 |    45 |   125 |   139 |    83 ||   444
Block: Buckler           |     5 |    13 |    23 |       |       ||    41
       Tower shield      |       |       |    58 |   613 |   191 ||   862
